 Dungeon Crawl Stone Soup version 0.30-a0-778-g2ef04afb54 (webtiles) character file.

Game seed: 5319326118158223344

42 Lavandula the Slasher (level 3, -1/29 HPs)
             Began as a Human Monk on Feb 16, 2023.
             Splashed by a jelly's acid (2 damage)
             ... on level 2 of the Dungeon.
             The game lasted 00:01:43 (886 turns).

Lavandula the Slasher (Human Monk)                   Turns: 886, Time: 00:01:43

Health: -1/29      AC:  0    Str: 13    XL:     3   Next: 77%
Magic:  3/3        EV: 11    Int: 10    God:
Gold:   96         SH:  0    Dex: 15    Spells: 2/2 levels left

rFire   . . .      SeeInvis .    p - +2 short sword (drain)
rCold   . . .      Faith    .    (no shield)
rNeg    + . .      Spirit   .    f - +0 ring mail
rPois   .          Reflect  .    l - +2 helmet
rElec   .          Harm     .    (no cloak)
rCorr   .          Rampage  .    (no gloves)
Will    .....                    (no boots)
Stlth   +                        (no amulet)
HPRegen 0.24/turn                k - ring of positive energy
MPRegen 0.08/turn                (no ring)

@: corroded
A: no striking features
a: no special abilities


You were on level 2 of the Dungeon.
You visited 1 branch of the dungeon, and saw 2 of its levels.

You collected 96 gold pieces.

Inventory:

Hand Weapons
 a - a +0 falchion
 p - a +2 short sword of draining (weapon)
Missiles
 q - 2 poisoned darts (quivered)
Armour
 b - a +0 robe
 f - a +0 ring mail (worn)
 h - a scarf of shadows
 l - a +2 helmet (worn)
 u - an orb of energy
Jewellery
 k - a ring of positive energy (left hand)
Scrolls
 e - a scroll of enchant armour {unknown}
 i - a scroll of magic mapping {unknown}
 j - 2 scrolls of identify {unknown}
 o - a scroll of teleportation {unknown}
 t - a scroll of enchant weapon {unknown}
Potions
 c - a potion of ambrosia
 d - 2 potions of flight {unknown}
 g - 2 potions of heal wounds {unknown}
 m - a potion of haste {unknown}
 n - a potion of curing {unknown}
 r - a potion of brilliance {unknown}
 s - 2 potions of attraction {unknown}


   Skills:
 - Level 3.0 Fighting
 + Level 0.8(2.8) Short Blades
 - Level 4.3 Long Blades
 - Level 3.0 Dodging
 - Level 2.0 Stealth


You had 2 spell levels left.
You didn't know any spells.
Your spell library contained the following spells:

 Spells                   Type           Power      Damage    Failure   Level
 Leda's Liquefaction      Hex/Erth       0%         N/A       100%        4
 Lee's Rapid Deconstruct  Erth           0%         3d4*      100%        5
 Statue Form              Tmut/Erth      0%         N/A       100%        6


Dungeon Overview and Level Annotations

Branches:
Dungeon (2/15)

Altars:


Message History

You see here a ball python corpse.
The endoplasm closely misses you.
You hit the endoplasm.
The endoplasm is heavily wounded.
You hit the endoplasm.
The endoplasm is almost dead.
The endoplasm hits you but does no damage.
You hit the endoplasm but do no damage. You drain the endoplasm.
You kill the endoplasm!
You now have 96 gold pieces (gained 8).
Found a stone staircase leading down.
An endoplasm and a quokka come into view.
Found a runed orb.
There are monsters nearby!
There are monsters nearby!
Found a flail and 7 gold pieces.
The endoplasm barely misses you.
You hit the endoplasm.
You kill the endoplasm!
You hit the quokka. You drain the quokka.
You kill the quokka!
No target in view!
No target in view!
A jelly comes into view.
The jelly quivers.
You see here an orb of energy.
u - an orb of energy You hit the jelly.
You drain the jelly.
Your hands burn!
The jelly is heavily wounded.
The jelly hits you but does no damage.
You hit the jelly. The acid corrodes you!
Your hands burn!
The jelly is heavily wounded.
The jelly hits you. The acid corrodes you!
You are splashed with acid!
You are too injured to fight recklessly!
You hit the jelly.
Your hands burn!
The jelly is severely wounded.
The jelly hits you.
You are splashed with acid!
* * * LOW HITPOINT WARNING * * *
You hit the jelly but do no damage. You drain the jelly.
Your hands burn!
You die...

#.########### #.#
#.#########
#.........#
#.........# ######
#†........# #....#
#.#########
###....###.#######
#....@............
#.#..J.###.#######
.............).....
#.....$............#
#...................
....................
.........>..†.......
..........#..######.
....##.#.#..#


You could see a jelly (very drained).

Vanquished Creatures
  An adder (D:2)
  A dart slug (D:2)
  4 ball pythons
  4 endoplasms
  A giant cockroach (D:1)
  A goblin (D:1)
  8 jackals (D:1)
  3 kobolds
  A quokka (D:2)
  A bat (D:1)
  3 rats
28 creatures vanquished.

Notes
Turn   | Place    | Note
-------+----------+-------------------------------------------
     0 | D:1      | Lavandula the Human Monk began the quest for the Orb.
     0 | D:1      | Reached XP level 1. HP: 18/18 MP: 1/1
   178 | D:1      | Reached XP level 2. HP: 20/24 MP: 2/2
   359 | D:1      | Reached skill level 4 in Long Blades
   359 | D:1      | Reached XP level 3. HP: 24/29 MP: 3/3
   530 | D:1      | Found a faded altar of an unknown god.
   885 | D:2      | HP: 1/29 [acid (8)]
   886 | D:2      | Splashed by a jelly's acid

Illustrated notes

Levels and vault maps discovered:
D:1:      heliophobic_arrival_battle_scene, layout_rooms,
          dreamdust_ecumenical_altar_sealed_demon
D:2:      layout_basic

Skill      XL: |  1  2 |
---------------+-------+-----
Long Blades    | 4 |  4.3
Fighting       | |  3.0
Short Blades   | |  0.8
Dodging        | |  3.0
Stealth        | |  2.0

Action                     || total
---------------------------++-------
  Melee: Falchion          ||    71
         Short sword       ||    12
 Armour: Ring mail         ||    53
  Dodge: Dodged            ||    58

Table legend: (Time is in decaauts)
 A = Elapsed time spent in this place.
 B = Non-inter-level travel time spent in this place.
 C = Inter-level travel time spent in this place.
 D = Time resting spent in this place.
 E = Time spent auto-exploring this place.
 F = Levels seen in this place.
 G = Mean time per level.
                   A        B        C        D        E       F      G
               +--------+--------+--------+--------+--------+-----+--------+
         Total |    891 |    870 |     21 |      0 |    614 |   2 |  445.5 |
       Dungeon |    891 |    870 |     21 |      0 |    614 |   2 |  445.5 |
               +--------+--------+--------+--------+--------+-----+--------+

Top non-repeatable levels by time:
     D:1: 630 daAuts
     D:2: 260 daAuts
